 Dungeon Crawl Stone Soup version 0.28.0-53-g5a82cb258f (webtiles) character file.

Game seed: 8342744398866293743

4301 Doot the Covert (level 8, -1/57 HPs)
             Began as a Vampire Enchanter on May 20, 2022.
             Was a Priest of Ru.
             Killed from afar by Psyche (36 damage)
             ... with a bolt of acid
             ... on level 8 of the Dungeon.
             The game lasted 00:16:45 (7903 turns).

Doot the Covert (Vampire Enchanter)                 Turns: 7903, Time: 00:16:46

Health: -1/57      AC: 12    Str:  7    XL:     8   Next: 11%
Magic:  12/16      EV:  8    Int: 19    God:    Ru [***...]
Gold:   362        SH:  0    Dex: 15    Spells: 5/17 levels left

rFire   . . .      SeeInvis +   G - +2 dagger (elec)
rCold   + . .      Faith    .   d - orb {*channel}
rNeg    . . .      Spirit   .   m - +0 leather armour {rC+}
rPois   +          Reflect  .   I - +0 helmet
rElec   .          Harm     .   t - +0 cloak
rCorr   .          Rampage  .   o - +1 pair of gloves
Will    .....                   s - +0 pair of boots
Stlth   +++++.....              (no amulet)
HPRegen 0.39/turn               x - +4 ring of protection
MPRegen 0.15/turn               p - ring of poison resistance

@: healing quickly
A: alive, fangs 3, see invisible, reduced EV 1, inexperienced 1, vampiric 2
a: Exsanguinate, Renounce Religion, Draw Out Power


You were on level 8 of the Dungeon.
You worshipped Ru.
Ru was most pleased with you.
You visited 2 branches of the dungeon, and saw 9 of its levels.

You collected 457 gold pieces.
You spent 95 gold pieces at shops.

Inventory:

Hand Weapons
 a - a +1 dagger
 G - a +2 dagger of electrocution (weapon)
Missiles
 v - a throwing net
Armour
 b - a +0 robe
 d - an orb of energy (worn)
 m - a +0 leather armour of cold resistance (worn)
 o - a +1 pair of gloves (worn)
 s - a +0 pair of boots (worn)
 t - a +0 cloak (worn)
 I - a +0 helmet (worn)
Magical Staves
 u - a staff of air
Jewellery
 p - a ring of poison resistance (right hand)
 x - a +4 ring of protection (left hand)
 J - a ring of positive energy
Wands
 n - a wand of polymorph (13)
 B - a wand of acid (22)
 H - a wand of iceblast (9)
Scrolls
 f - 2 scrolls of enchant weapon {unknown}
 g - 3 scrolls of teleportation {unknown}
 h - 4 scrolls of brand weapon {unknown}
 i - 2 scrolls of magic mapping {unknown}
 l - 11 scrolls of identify {unknown}
 w - a scroll of fear {unknown}
 y - 2 scrolls of vulnerability {unknown}
 z - 2 scrolls of enchant armour {unknown}
 C - a scroll of noise {unknown}
 D - a scroll of amnesia {unknown}
Potions
 c - a potion of invisibility
 e - a potion of degeneration
 j - 3 potions of curing
 k - 2 potions of brilliance
 q - a potion of might {unknown}
 r - a potion of mutation {unknown}
 A - 2 potions of ambrosia {unknown}
 E - a potion of cancellation {unknown}
 F - a potion of lignification {unknown}


   Skills:
 + Level 2.3 Fighting
 + Level 5.4 Short Blades
 + Level 2.9 Armour
 + Level 4.0 Dodging
 + Level 12.2 Stealth
 + Level 5.4 Spellcasting
 * Level 11.3 Hexes
 + Level 4.2 Ice Magic


You had 5 spell levels left.
You knew the following spells:

 Your Spells              Type           Power      Damage    Failure   Level
a - Ensorcelled Hibernat  Hex/Ice        68%        N/A       1%          2
b - Confusing Touch       Hex            48%        N/A       1%          3
c - Cause Fear            Hex            24%        N/A       1%          4
d - Tukima's Dance        Hex            48%        N/A       1%          3

Your spell library contained the following spells:

 Spells                   Type           Power      Damage    Failure   Level
 Dazzling Flash           Conj/Hex       52%        N/A       4%          3
 Inner Flame              Hex/Fire       26%        N/A       4%          3
 Airstrike                Air            2%         N/A       86%         4
 Summon Lightning Spire   Summ/Air       5%         N/A       86%         4
 Lightning Bolt           Conj/Air       2%         1d14      99%         5
 Discord                  Hex            24%        N/A       100%        8


Dungeon Overview and Level Annotations

Branches:
Dungeon (8/15)             Temple (1/1) D:4
   Lair: D:8-11

Altars:
Ashenzari
Cheibriados
Dithmenos
Elyvilon
Fedhas
Gozag
Hepliaklqana
Kikubaaqudgha
Makhleb
Nemelex Xobeh
Okawaru
Qazlal
Ru
Trog
Wu Jian
Xom
Yredelemnul
Zin
The Shining One

Shops:
D:1 [   D:4 **   D:6 =

Annotations:
D:8 Psyche


Innate Abilities, Weirdness & Mutations

Your natural rate of healing is accelerated.
You have razor-sharp teeth.
You have supernaturally acute eyesight. (SInv)
You have somewhat slow reflexes. (EV -5)
You are somewhat inexperienced. (-2 XL)
You are afflicted with vampirism and can become a bat while bloodless.


Message History

The centaur is severely wounded.
You redirect the centaur's attack!
The centaur hits itself.
The centaur kicks itself.
The centaur dies!
J - a ring of positive energy
There is an open door, spattered with blood here.
Items here: ( )) †.
You start resting.
Magic restored.
Unknown command.
You start waiting.
Done waiting.
You start waiting.
Done waiting.
Psyche the Insane Magess comes into view.
She is wielding a +3 dagger of chaos, wearing a +2 robe of willpower and carrying a wand of acid (2).
There is an open door here.
Psyche is nearby!
Psyche is nearby!
Psyche shouts!
Psyche resists with almost no effort.
Psyche mumbles some strange words.
Psyche flickers and vanishes for a moment.
Unknown command.
Psyche resists with almost no effort.
Psyche resists with almost no effort.
Psyche hits you with a +3 dagger of chaos.
You are electrocuted!!
Unknown command.
Psyche gestures wildly while chanting.
A swirling arc of seething chaos appears!
The arc of chaos hits you.
There is an open door here.
You close the door.
Unknown command.
There is an open door here.
Psyche points at you and mumbles some strange words.
You resist with some effort.
You close the door.
Psyche zaps a wand.
The bolt of acid hits you!!!
Ouch! That really hurt!
You die...

........#.........#..............
........######....#............).
#########...##....#............†.
#.....########+####........
#.....##....##....###'#####
#......#..>..)....+.......#
#.....)'.....#....#.......+
#......#@....#....#....)..#
#######..###.@.####..####....#
#.....#..####+#####..####....#
#.....#..@+..................#
#.....#...#..................'
#.....#)..#..................#
#.....'...#..................#
#.....##..##...#######.####..#
....g#'####..##...####.##.####..#
.... #.. #........#.............


You could see Psyche (invisible).

Vanquished Creatures
  Erica (D:8)
  Pikel (D:5)
  Maurice (D:8)
  An unseen horror (D:5)
  A hornet (D:8)
  A steam dragon (D:7)
  A water moccasin (D:6)
  2 sky beasts
  A black bear (D:5)
  A necrophage (D:6)
  An ice beast (D:4)
  2 ogres
  A centaur (D:5)
  4 bullfrogs
  5 scorpions
  10 wights
  3 centaur zombies
  A centaur skeleton (D:6)
  3 hounds
  3 iguanas
  A killer bee zombie (D:7)
  A hound skeleton (D:4)
  A howler monkey zombie (D:4)
  6 gnolls
  7 adders
  2 shadow imps
  2 white imps (D:6)
  An ufetubus (D:4)
  An adder skeleton (D:4)
  A worm (D:2)
  3 dart slugs
  2 orcs (D:5)
  7 endoplasms
  5 giant cockroaches
  4 hobgoblins
  3 jackals (D:2)
  7 kobolds
  A quokka (D:5)
  2 ball pythons
  5 bats
  2 frilled lizards
  6 goblins
  2 rats (D:2)
116 creatures vanquished.

Vanquished Creatures (others)
  A centaur (D:8)
  A goblin (D:4)
2 creatures vanquished.

Grand Total: 118 creatures vanquished

Notes
Turn   | Place    | Note
-------+----------+-------------------------------------------
     0 | D:1      | Doot the Vampire Enchanter began the quest for the Orb.
     0 | D:1      | Reached XP level 1. HP: 13/13 MP: 3/3
   354 | D:2      | Reached XP level 2. HP: 19/19 MP: 5/5
   357 | D:2      | Learned a level 2 spell: Ensorcelled Hibernation
   625 | D:3      | Reached skill level 5 in Stealth
   651 | D:4      | Found a staircase to the Ecumenical Temple.
   660 | Temple   | Entered the Ecumenical Temple
   866 | Temple   | Became a worshipper of Ru the Awakened
   889 | D:4      | Noticed an ogre
  1041 | D:1      | Gained mutation: You are afflicted with vampirism and can
                  | become a bat while bloodless. [Vampire growth]
  1041 | D:1      | Reached XP level 3. HP: 24/24 MP: 3/6
  1255 | D:1      | Found Foehamna's Antique Armour Emporium.
  1274 | D:1      | Learned a level 3 spell: Confusing Touch
  1452 | D:1      | Found a faded altar of an unknown god.
  1671 | D:1      | Bought a glowing leather armour for 95 gold pieces
  2031 | D:2      | Reached skill level 5 in Hexes
  2300 | D:3      | Reached XP level 4. HP: 30/30 MP: 2/7
  2467 | D:3      | Gained mutation: You are somewhat inexperienced. (-2 XL)
                  | [Ru sacrifice]
  2467 | D:3      | Reached XP level 3. HP: 24/24 MP: 6/6
  2467 | D:3      | Reached XP level 2. HP: 19/19 MP: 5/5
  2467 | D:3      | Reached * piety under Ru
  2467 | D:3      | Reached ** piety under Ru
  2976 | D:4      | Found Ositirph's Specific Store.
  2978 | D:4      | Found Xutunic's General Store.
  3022 | D:4      | Reached skill level 1 in Ice Magic
  3090 | D:4      | Found a sparkling altar of Nemelex Xobeh.
  3140 | D:4      | Noticed a scorpion
  3144 | D:4      | Killed a scorpion
  3145 | D:4      | Reached skill level 6 in Stealth
  3145 | D:4      | Reached XP level 3. HP: 25/25 MP: 7/7
  3300 | D:4      | Noticed a phantom
  3429 | D:5      | Entered Level 5 of the Dungeon
  3429 | D:5      | Found an ancient bone altar of Kikubaaqudgha.
  3469 | D:5      | Reached skill level 1 in Armour
  3601 | D:5      | Noticed a phantom
  3680 | D:6      | Noticed a water moccasin
  3682 | D:6      | Killed a water moccasin
  3683 | D:6      | Reached XP level 4. HP: 31/31 MP: 8/8
  3709 | D:6      | Reached skill level 7 in Stealth
  3802 | D:5      | Noticed a sky beast
  3806 | D:5      | Killed a sky beast
  3807 | D:5      | Reached XP level 5. HP: 36/36 MP: 9/9
  3854 | D:5      | Noticed Pikel
  4051 | D:4      | Reached skill level 8 in Stealth
  5085 | D:5      | Noticed an unseen horror
  5092 | D:5      | Killed an unseen horror
  5093 | D:5      | Reached skill level 1 in Fighting
  5093 | D:5      | Reached XP level 6. HP: 43/43 MP: 10/12
  5237 | D:5      | Killed Pikel
  5238 | D:5      | Reached skill level 9 in Stealth
  5712 | D:6      | Reached XP level 7. HP: 45/49 MP: 8/13
  5771 | D:6      | Found Yfecozal's Jewellery Shoppe.
  6115 | D:7      | Gained mutation: You have somewhat slow reflexes. (EV -5)
                  | [Ru sacrifice]
  6115 | D:7      | Reached *** piety under Ru
  6476 | D:7      | Reached skill level 10 in Stealth
  6533 | D:7      | Reached skill level 10 in Hexes
  6854 | D:8      | Noticed Maurice
  6876 | D:8      | Killed Maurice
  6877 | D:8      | Reached skill level 5 in Short Blades
  6944 | D:8      | Reached skill level 11 in Stealth
  6959 | D:8      | Reached skill level 5 in Spellcasting
  7248 | D:8      | Noticed Erica
  7255 | D:8      | Killed Erica
  7346 | D:8      | Learned a level 4 spell: Cause Fear
  7350 | D:8      | Learned a level 3 spell: Tukima's Dance
  7370 | D:8      | Reached XP level 8. HP: 56/56 MP: 10/15
  7375 | D:8      | Reached skill level 12 in Stealth
  7889 | D:8      | Noticed Psyche
  7903 | D:8      | Killed from afar by Psyche

Illustrated notes

Levels and vault maps discovered:
D:1:      eino_arrival_cavern_e, layout_rooms, ebering_ecumenical_altar_ruins,
          serial_shops, shop_fountains, dk_noncrumbling_4
D:2:      layout_basic
D:3:      cheibrodos_old_hovel, layout_loops_ring, minmay_crystal_room
D:4:      layout_basic, nemelex_spade_bored_becter, minmay_temple_entry_ruins,
          nicolae_specific_store, kennysheep_doodads
D:5:      layout_rooms, chequers_temple_overflow_statue_of_worship, uniq_pikel
D:6:      layout_rooms, serial_shops, shop
D:7:      layout_basic
D:8:      layout_gridville, hangedman_decor_peaks_small,
          hangedman_decor_clover_reticule, uniq_psyche, uniq_erica, uniq_maurice
Temple:   nicolae_temple_elliptical

Skill      XL: |  1  2  3  4  5  6  7  8 |
---------------+-------------------------+-----
Stealth        | 6 7 8 9 11 12 | 12.2
Hexes          | 6 8 9 11 | 11.3
Ice Magic      | 1 2 3 4 |  4.2
Short Blades   | 2 3 4 5 |  5.4
Armour         | 1 2 |  2.9
Spellcasting   | 3 4 5 |  5.4
Fighting       | 1 2 |  2.3
Dodging        | 3 4 |  4.0

Action                   |  1- 3 |  4- 6 |  7- 9 || total
-------------------------+-------+-------+-------++-------
Melee: Dagger            |   156 |   138 |   148 ||   442
       Bite              |    13 |    14 |    16 ||    43
 Cast: Ensorcelled Hiber |    36 |    38 |    18 ||    92
       Confusing Touch   |     1 |     5 |    11 ||    17
Invok: Sacrifice Experie |     1 |       |       ||     1
       Sacrifice Health  |       |       |     1 ||     1
  Use: Potion            |       |     3 |       ||     3
 Stab: Sleeping          |    41 |    20 |    16 ||    77
       Distracted        |     1 |       |       ||     1
       Confused          |       |     5 |    10 ||    15
Armor: Robe              |    17 |       |       ||    17
       Leather armour    |    22 |    65 |    31 ||   118
Dodge: Dodged            |   106 |    98 |    40 ||   244
